 Dungeon Crawl Stone Soup version 0.28.0 (webtiles) character file.

Game seed: 8910819879527121011

20647 zcamperz the Basher (level 12, 0/112 HPs)
             Began as a Minotaur Berserker on Feb 16, 2022.
             Was an Elder of Trog.
             Slain by a troll (2 damage)
             ... on level 13 of the Dungeon.
             The game lasted 00:26:52 (13343 turns).

zcamperz the Basher (Minotaur Berserker)           Turns: 13343, Time: 00:26:52

Health: 0/112      AC: 26    Str: 28    XL:     12   Next: 47%
Magic:  11/11      EV:  9    Int:  4    God:    Trog [****..]
Gold:   798        SH:  0    Dex:  9    Spells: 11/11 levels left

rFire   . . .      SeeInvis .   r - +6 dire flail
rCold   . . .      Faith    .   (shield currently unavailable)
rNeg    . . .      Spirit   .   j - +1 plate armour
rPois   +          Reflect  .   y - +2 hat
rElec   .          Harm     .   l - +0 cloak
rCorr   .          Rampage  .   s - +0 pair of gloves
Will    .....                   (no boots)
Stlth   ..........              a - amulet of the acrobat
HPRegen 0.28/turn               x - +4 ring of protection
MPRegen 0.12/turn               u - ring of poison resistance

@: on berserk cooldown, slowed, very slow
A: horns 2, retaliatory headbutt
a: Renounce Religion, Berserk, Trog's Hand, Brothers in Arms


You were on level 13 of the Dungeon.
You worshipped Trog.
Trog was greatly pleased with you.
You visited 1 branch of the dungeon, and saw 13 of its levels.

You collected 798 gold pieces.

Inventory:

Hand Weapons
 r - a +6 dire flail (weapon)
 t - a +2 rapier of flaming
 A - a +2 vorpal hand axe
Missiles
 m - 34 poisoned darts
 v - a throwing net
Armour
 j - a +1 plate armour (worn)
 l - a +0 cloak (worn)
 s - a +0 pair of gloves (worn)
 y - a +2 hat (worn)
 B - a +0 buckler
Jewellery
 a - an amulet of the acrobat (around neck)
 o - a ring of resist corrosion
 u - a ring of poison resistance (right hand)
 w - a ring of protection from cold
 x - a +4 ring of protection (left hand)
Wands
 b - a wand of iceblast (18)
 c - a wand of paralysis (12)
 k - a wand of flame (46) (quivered)
 H - a wand of polymorph (6)
Scrolls
 d - 14 scrolls of identify
 e - 2 scrolls of enchant armour
 h - a scroll of magic mapping
 i - a scroll of fear
 n - 5 scrolls of immolation
 p - 5 scrolls of teleportation
 q - 4 scrolls of blinking
Potions
 f - 3 potions of flight
 g - 3 potions of curing
 D - 3 potions of degeneration
 E - a potion of cancellation
Miscellaneous
 G - a phantom mirror


   Skills:
 + Level 11.8 Fighting
 + Level 4.1 Short Blades
 + Level 11.1(13.9) Axes
 + Level 13.6(15.1) Maces & Flails
 + Level 13.0 Armour
 + Level 3.9 Dodging
 + Level 1.5 Stealth
 + Level 1.0 Evocations


You had 11 spell levels left.
You didn't know any spells.
Your spell library was empty.

Dungeon Overview and Level Annotations

Branches:
Dungeon (13/15)            Temple (0/1) D:6            Lair (0/6) D:8
    Orc (0/2) D:9
 Vaults: D:13-14

Altars:
Ashenzari
Cheibriados
Elyvilon
Kikubaaqudgha
Okawaru
Qazlal
Ru
Trog
Xom
Zin
The Shining One

Shops:
D:4 :   D:11 *

Annotations:
D:12 6 runed translucent doors, exclusion: obsidian statue, Jenx's ghost, journeyman MiBe


Innate Abilities, Weirdness & Mutations

You have a pair of horns on your head.
You reflexively headbutt those who attack you in melee.


Message History

The centaur warrior hits you but does no damage.
The centaur warrior closely misses you. The slime creature hits you.
* * * LOW HITPOINT WARNING * * *
The troll bites you!
* * * LOW HITPOINT WARNING * * *
The troll claws you but does no damage. The troll claws you.
* * * LOW HITPOINT WARNING * * *
The centaur warrior hits you but does no damage.
The centaur warrior barely misses you.
You're still recovering from your berserk rage.
You hit the slime creature.
The slime creature is lightly wounded.
The slime creature hits you but does no damage.
The centaur warrior hits you but does no damage.
The centaur warrior misses you. The troll closely misses you.
You furiously retaliate!
You headbutt the troll. The troll barely misses you.
The troll closely misses you.
You bludgeon the slime creature!!
The slime creature is heavily wounded.
The centaur warrior hits you.
* * * LOW HITPOINT WARNING * * *
The centaur warrior barely misses you.
The slime creature hits you but does no damage.
The troll barely misses you. The troll claws you but does no damage.
The troll barely misses you.
You bludgeon the slime creature!!
The slime creature is almost dead.
The centaur warrior hits you but does no damage.
The centaur warrior kicks you but does no damage.
The slime creature hits you.
* * * LOW HITPOINT WARNING * * *
The centaur warrior hits you!
* * * LOW HITPOINT WARNING * * *
The centaur warrior kicks you but does no damage.
Unknown command.
You hit the centaur warrior.
The centaur warrior is lightly wounded.
The troll bites you but does no damage. The troll claws you but does no damage.
The troll claws you.
You die...

#..#......##
..........##
##...........
#...........#
#.........# .
####.......#
....####c........#
#
......J@T......###
##
!...###########..##
###. # ##..###...
##.[#.... ##......
#####......
#..........
#..#.#..... #.
#######.


You could see a slime creature, a centaur warrior and a troll.

Vanquished Creatures
  A hydra (D:11)
  2 centaur warriors
  5 two-headed ogres
  Urug (D:12)
  An ugly thing (D:8)
  2 manticores
  2 cyclopes
  Maggie (D:7)
  5 unseen horrors
  4 trolls
  2 slime creatures (D:13)
  4 wraiths
  Sigmund (D:2)
  18 yaks
  2 vampire mosquitoes (D:12)
  Menkaure (D:7)
  3 water moccasins
  An acid dragon (D:10)
  3 sky beasts
  2 ice beasts
  A necrophage (D:5)
  7 ogres
  17 centaurs
  6 kobold brigands
  4 bullfrogs
  3 gnoll sergeants (D:9)
  2 scorpions (D:6)
  2 wyvern skeletons
  2 water moccasin skeletons (D:6)
  12 killer bees
  18 wights
  A howler monkey (D:6)
  A bullfrog zombie (D:5)
  2 centaur zombies
  Crazy Yiuf (D:2)
  3 hounds
  A jelly (D:8)
  6 orc priests
  3 gnoll shamans
  A bullfrog skeleton (D:6)
  3 orc wizards
  5 iguanas
  A killer bee zombie (D:7)
  A howler monkey zombie (D:12)
  Robin (D:2)
  13 gnolls
  A howler monkey skeleton (D:6)
  6 adders
  3 shadow imps (D:6)
  2 worms
  11 dart slugs
  16 orcs
  6 ball pythons
  10 bats
  8 endoplasms
  3 giant cockroaches
  14 goblins
  8 hobgoblins
  2 jackals (D:2)
  7 quokkas
  5 frilled lizards
  20 kobolds
  10 rats
310 creatures vanquished.

Vanquished Creatures (collateral kills)
  2 orc warriors (D:9)
  An ogre (D:9)
3 creatures vanquished.

Vanquished Creatures (others)
  An unseen horror (D:11)
1 creature vanquished.

Grand Total: 314 creatures vanquished

Notes
Turn   | Place    | Note
-------+----------+-------------------------------------------
     0 | D:1      | zcamperz the Minotaur Berserker began the quest for the
                  | Orb.
     0 | D:1      | Reached XP level 1. HP: 19/19 MP: 0/0
    55 | D:1      | Found a faded altar of an unknown god.
    71 | D:1      | Reached XP level 2. HP: 27/27 MP: 1/1
   554 | D:1      | Reached ** piety under Trog
   661 | D:1      | Reached XP level 3. HP: 33/33 MP: 2/2
  1095 | D:2      | Found a sacrificial altar of Ru.
  1197 | D:2      | Noticed Robin
  1207 | D:2      | Killed Robin
  1208 | D:2      | Reached XP level 4. HP: 15/41 MP: 3/3
  1627 | D:2      | Reached *** piety under Trog
  1851 | D:2      | Noticed Sigmund
  1867 | D:2      | Killed Sigmund
  1868 | D:2      | Reached skill level 5 in Fighting
  1868 | D:2      | Reached XP level 5. HP: 19/48 MP: 4/4
  2338 | D:2      | Found a runed translucent door.
  2339 | D:2      | Noticed Crazy Yiuf
  2618 | D:2      | Killed Crazy Yiuf
  2619 | D:2      | Reached XP level 6. HP: 22/56 MP: 5/5
  3368 | D:3      | Found a broken altar of Ashenzari.
  3539 | D:3      | Found a bloodstained altar of Trog.
  3571 | D:3      | Found a shimmering altar of Xom.
  3573 | D:3      | Found an ancient bone altar of Kikubaaqudgha.
  3574 | D:3      | Found a glowing golden altar of the Shining One.
  3735 | D:4      | Found Afea's Self-Improvement Boutique.
  3754 | D:4      | Reached skill level 1 in Short Blades
  4076 | D:4      | Found a snail-covered altar of Cheibriados.
  4605 | D:5      | Entered Level 5 of the Dungeon
  4635 | D:5      | Reached skill level 5 in Armour
  4644 | D:5      | Reached XP level 7. HP: 48/61 MP: 6/6
  5084 | D:5      | Reached skill level 1 in Stealth
  5325 | D:5      | Reached XP level 8. HP: 69/69 MP: 7/7
  6210 | D:6      | Reached XP level 9. HP: 63/78 MP: 8/8
  6489 | D:6      | Found a staircase to the Ecumenical Temple.
  6740 | D:6      | Reached skill level 10 in Axes
  7043 | D:7      | Reached **** piety under Trog
  7543 | D:7      | Found a white marble altar of Elyvilon.
  7697 | D:7      | Noticed Menkaure
  7703 | D:7      | Killed Menkaure
  7704 | D:7      | Reached skill level 1 in Maces & Flails
  7724 | D:7      | Noticed Maggie
  7735 | D:7      | Killed Maggie
  7970 | D:7      | Reached XP level 10. HP: 53/88 MP: 9/9
  8147 | D:8      | Reached skill level 5 in Maces & Flails
  8617 | D:8      | Found a staircase to the Lair.
  8754 | D:8      | Noticed a brown ugly thing
  8758 | D:8      | Killed a brown ugly thing
  8759 | D:8      | Reached skill level 10 in Armour
  9211 | D:9      | Noticed a two-headed ogre
  9222 | D:9      | Killed a two-headed ogre
  9596 | D:9      | Found an iron altar of Okawaru.
  9646 | D:9      | Found a staircase to the Orcish Mines.
  9688 | D:9      | Reached XP level 11. HP: 77/97 MP: 10/10
  9863 | D:9      | Reached skill level 10 in Maces & Flails
 10096 | D:10     | Entered Level 10 of the Dungeon
 10302 | D:10     | Noticed a two-headed ogre
 10311 | D:10     | Killed a two-headed ogre
 10640 | D:10     | Reached skill level 10 in Fighting
 10801 | D:10     | Found a glowing silver altar of Zin.
 10801 | D:10     | Noticed an angel
 10928 | D:10     | Found a stormy altar of Qazlal.
 11066 | D:11     | Noticed a two-headed ogre
 11072 | D:11     | Killed a two-headed ogre
 11083 | D:11     | Noticed a two-headed ogre
 11090 | D:11     | Killed a two-headed ogre
 11214 | D:11     | Noticed a centaur warrior
 11224 | D:11     | Killed a centaur warrior
 11225 | D:11     | Reached skill level 1 in Evocations
 11573 | D:11     | Found Nokisant's Gadget Gallery.
 11842 | D:12     | Noticed a six-headed hydra
 11851 | D:11     | Killed a six-headed hydra
 11852 | D:11     | Reached XP level 12. HP: 110/110 MP: 11/11
 11912 | D:12     | Found a runed translucent gate.
 11913 | D:12     | Found a runed translucent gate.
 11913 | D:12     | Noticed a tengu warrior
 11914 | D:12     | Found a runed translucent gate.
 11914 | D:12     | Noticed a tengu warrior
 11914 | D:12     | Noticed a merfolk javelineer
 11915 | D:12     | Noticed Jenx's ghost (journeyman MiBe)
 11917 | D:12     | Noticed a naga warrior
 11950 | D:12     | Noticed a centaur warrior
 11962 | D:12     | Killed a centaur warrior
 12537 | D:12     | Noticed a two-headed ogre
 12548 | D:12     | Killed a two-headed ogre
 12549 | D:12     | Found a runed translucent door.
 12591 | D:12     | Found a runed translucent door.
 12607 | D:12     | Found a runed translucent door.
 12610 | D:12     | Noticed Urug
 12626 | D:12     | Killed Urug
 12636 | D:12     | Found a runed translucent door.
 13231 | D:12     | Found an iron altar of Okawaru.
 13314 | D:13     | Noticed a centaur warrior
 13342 | D:13     | HP: 2/112 [centaur warrior (9)]
 13343 | D:13     | Slain by a troll

Illustrated notes

Levels and vault maps discovered:
D:1:      psy_arrival_spokes, layout_basic, hellmonk_ecumenical_altar_zigzags,
          kennysheep_boxes
D:2:      layout_basic, basic_altar, minmay_misc_feat_more_columns,
          minmay_heptomino_w4, uniq_robin, uniq_sigmund, uniq_crazy_yiuf_cottage
D:3:      layout_loops_ring, grunt_temple_overflow_open,
          evilmike_ruin_ashenzari, trog_three_pillars_becter
D:4:      kennysheep_slugbush, layout_gridville, mainiacjoe_overflow_alcove_4,
          nicolae_shop_self_help
D:5:      layout_loops_ring, minmay_fountain_box, kennysheep_decorative_pillar
D:6:      minmay_razor_zed, layout_cave_pools,
          minmay_temple_entry_statues_pillars, mrwooster_statue_mirror
D:7:      layout_basic, elyvilon_altar_1, uniq_maggie, uniq_menkaure
D:8:      layout_gridville, lair_entry_dummy, minmay_statues_item,
          minmay_between
D:9:      layout_roguey, okawaru_trees_1, kennysheep_orc_monster_closet_entryway
D:10:     layout_basic, grunt_qazlal_sundering, zin_angel,
          chequers_serial_rivers_small_a, uniq_nergalle
D:11:     layout_rooms, nicolae_shop_gadgets
D:12:     layout_cross, gammafunk_ghost_fury_of_okawaru,
          hangedman_abyss_or_decor_lesser_grid, minmay_statue_crystal_thing,
          uniq_urug
D:13:     layout_cave_pods, hangedman_vaults_entry_quadrant_bands,
          cheibrodos_worm_habitat

Skill      XL: |  1  2  3  4  5  6  7  8  9 10 11 12 |
---------------+-------------------------------------+-----
Axes           | 4 6 7 9 11 | 11.1
Fighting       | 4 5 6 7 9 11 | 11.8
Armour         | 3 4 5 6 7 9 10 12 13 | 13.0
Dodging        | 3 |  3.9
Short Blades   | 1 3 4 |  4.1
Stealth        | 1 |  1.5
Maces & Flails | 4 9 12 13 | 13.6
Evocations     | 1 |  1.0

Action                   |  1- 3 |  4- 6 |  7- 9 | 10-12 || total
-------------------------+-------+-------+-------+-------++-------
Melee: Hand axe          |    69 |    93 |       |       ||   162
       Headbutt          |    10 |    19 |    36 |    89 ||   154
       Punch             |       |     2 |     2 |     1 ||     5
       Rapier            |       |    50 |       |     5 ||    55
       War axe           |       |       |   172 |       ||   172
       Dire flail        |       |       |    68 |   388 ||   456
Invok: Berserk           |     2 |     3 |     5 |    11 ||    21
       Trog's Hand       |       |     2 |     9 |    12 ||    23
       Brothers in Arms  |       |       |       |     1 ||     1
Evoke: Wand              |       |     3 |       |     3 ||     6
  Use: Scroll            |       |    11 |     1 |     3 ||    15
       Potion            |       |     4 |     2 |     8 ||    14
Armor: Animal skin       |    14 |       |       |       ||    14
       Ring mail         |    18 |     6 |       |       ||    24
       Plate armour      |       |   104 |   188 |   539 ||   831
Dodge: Dodged            |    73 |    63 |   110 |   384 ||   630
